 Dungeon Crawl Stone Soup version 0.27.1-35-g4d5d836560 (console) character file.

Game seed: 13508982750147621248

43 Faeu the Chopper (level 3, -1/33 HPs)
             Began as a Minotaur Berserker on May 13, 2022.
             Was a Follower of Trog.
             Succumbed to an adder's poison
             ... on level 3 of the Dungeon.
             The game lasted 00:01:56 (1770 turns).

Faeu the Chopper (Minotaur Berserker)               Turns: 1770, Time: 00:01:57

Health: -1/33      AC:  2    Str: 22    XL:     3   Next: 37%
Magic:  1/2        EV: 12    Int:  4    God:    Trog [*.....]
Gold:   93         SH:  0    Dex:  9    Spells: 2/2 levels left

rFire    . . .     SeeInvis .   a - +0 hand axe {axe}
rCold    . . .     Faith    .   (no shield)
rNeg     . . .     Spirit   +   b - +0 animal skin
rPois    .         Reflect  .   (helmet restricted)
rElec    .         Harm     .   (no cloak)
rCorr    .         Rampage  .   (no gloves)
Will     .....                  (no boots)
Stlth    +.........             l - amulet of guardian spirit
HPRegen  0.11/turn              (no ring)
MPRegen  0.08/turn              (no ring)

@: lethally poisoned (-1 -> -10)
A: horns 2, retaliatory headbutt
a: Renounce Religion, Berserk


You were on level 3 of the Dungeon.
You worshipped Trog.
Trog was aware of your devotion.
You visited 1 branch of the dungeon, and saw 3 of its levels.

You collected 93 gold pieces.


Innate Abilities, Weirdness & Mutations

You have a pair of horns on your head.
You reflexively headbutt those who attack you in melee.


   Skills:
 + Level 4.1 Fighting
 + Level 4.1 Axes
 + Level 3.1 Armour
 + Level 2.8 Dodging


You had 2 spell levels left.
You didn't know any spells.
Your spell library contained the following spells:

 Spells                   Type           Power      Damage    Failure   Level
 Gell's Gravitas          Tloc           0%         N/A       86%         3
 Teleport Other           Tloc           0%         N/A       86%         3
 Dispersal                Tloc           0%         N/A       100%        6

Inventory:

Hand Weapons
 a - a +0 hand axe (weapon) {axe}
Missiles
 e - 49 stones (quivered) {throwing}
 i - 13 arrows
 j - 23 sling bullets
Armour
 b - a +0 animal skin (worn)
Jewellery
 l - an amulet of guardian spirit (around neck)
   (You found it on level 2 of the Dungeon)
Scrolls
 c - 4 scrolls of identify {unknown}
 d - a scroll of vulnerability {unknown}
 f - a scroll of amnesia {unknown}
 h - a scroll of summoning {unknown}
 k - a scroll of teleportation {unknown}
Potions
 g - a potion of lignification {unknown}

Dungeon Overview and Level Annotations

Branches:
Dungeon (3/15)

Altars:

Shops:
D:2

? # ### ### ..# ..## #.#
... #.# #. #.# ######.#
#..####.##
.......#####....@)..#
..............##..S.#
...)...######.##.##.......
...†.)....# #.##.# ..###.#
.......##.###.##.# ..#
..............##.# ..#
...###....###.##.# ..#
.... ###.#.#.#.#.# ..#
..... #.###.###..# ...
.......# ##.###.....# #
#.. ## ..#####


You could see an adder.


Message History

You lost 1 mp, and now have 1/2 mp.
You hit the endoplasm but do no damage. The endoplasm barely misses you.
You furiously retaliate!
You headbutt the endoplasm!
You kill the endoplasm!
Trog accepts your kill.
The goblin hits you with a +0 club. 😕 HP[-3]
You take 3 damage, and now have 30/33 hp.
You hit the goblin.
You kill the goblin!
Trog accepts your kill.
Things that are here:
a +0 club {mace}; a goblin corpse A ball python comes into view. 😎 HP[+3] MP[+1]
Your hp is fully restored (33).
Your mp is fully restored (2).
The ball python hisses angrily.
The ball python bites you but does no damage.
The ball python barely misses you.
You closely miss the ball python.
The ball python bites you but does no damage.
The ball python closely misses you. The ball python misses you.
The ball python grabs you. The ball python constricts you.
You barely miss the ball python. Your headbutt misses the ball python.
The ball python barely misses you. You furiously retaliate!
You headbutt the ball python!
You kill the ball python!
Trog accepts your kill.
An endoplasm and a goblin come into view.
The goblin shouts!
There are monsters nearby!
A goblin comes into view. It is wielding a +0 club.
The goblin shouts!
The endoplasm hits you. 😕 HP[-3]
You take 3 damage, and now have 30/33 hp.
You hit the endoplasm. You hit the goblin. The endoplasm freezes you.
You are frozen.
The goblin closely misses you. 😕 HP[-2] MP[-1]
You take 2 damage, and now have 28/33 hp.
You lost 1 mp, and now have 1/2 mp.
You hit the endoplasm. You headbutt the endoplasm.
You kill the endoplasm!
Trog accepts your kill.
You hit the goblin.
You kill the goblin!
Trog accepts your kill.
An adder comes into view.
The goblin closely misses you.
You hit the goblin but do no damage. Your headbutt misses the goblin.
The adder hisses angrily.
The goblin hits you with a +0 club. 😕 HP[-1] MP[-1]
You take 1 damage, and now have 27/33 hp.
You lost 1 mp, and now have 0/2 mp.
You hit the goblin. The goblin closely misses you.
You hit the goblin.
You kill the goblin!
Trog accepts your kill.
Things that are here:
a +0 club {mace}; a +0 dagger {short} The adder bites you.
You hit the adder but do no damage. The adder bites you.
You are poisoned.
The adder poisons you! The adder bites you.
You are more poisoned.
The adder poisons you! 😮 HP[-6]
You take 6 damage, and now have 21/33 hp.
You hit the adder but do no damage.
You feel very sick. The adder bites you.
* * * LOW HITPOINT WARNING * * *
😨 HP[-7]
You take 7 damage, and now have 14/33 hp.
MASSIVE DAMAGE!! (PAUSE)
You barely miss the adder.
You feel sick. The adder bites you but does no damage.
The adder misses you. 😨 HP[-2]
You take 2 damage, and now have 12/33 hp.
You hit the adder but do no damage.
You feel sick. The adder bites you.
* * * LOW HITPOINT WARNING * * *
😱 HP[-5] MP[+1]
You take 5 damage, and now have 7/33 hp.
You hit the adder. You headbutt the adder.
* * * LOW HITPOINT WARNING * * *
You feel sick. The adder bites you.
* * * LOW HITPOINT WARNING * * *
You are more poisoned.
The adder poisons you! The adder barely misses you. 😱 HP[-3]
You take 3 damage, and now have 4/33 hp.
* * * LOW HITPOINT WARNING * * *
You feel very sick.
Things that are here:
a +0 club {mace}; a +0 dagger {short}; 😱 HP[-3]
You take 3 damage, and now have 1/33 hp.
You die...

Skill      XL: |  1  2 |
---------------+-------+-----
Fighting       | 4 |  4.1
Axes           | 4 |  4.1
Armour         | 3 |  3.1
Dodging        | |  2.8

Action                   || total
-------------------------++-------
Melee: Hand axe          ||    51
       Headbutt          ||    11
Armor: Animal skin       ||     9
Dodge: Dodged            ||    39

Levels and vault maps discovered:
D:1:      dpeg_arrival_more_subterranean_lakeside_camping, layout_rooms,
          shapermc_ecumenical_altar_mp_urbaneastern
D:2:      layout_basic, serial_shops, shop
D:3:      layout_loops_ring, gammafunk_temple_overflow_forgotten, uniq_jessica

Notes
Turn   | Place    | Note
-------+----------+-------------------------------------------
     0 | D:1      | Faeu the Minotaur Berserker began the quest for the Orb.
     0 | D:1      | Reached XP level 1. HP: 19/19 MP: 0/0
     0 | D:1      | magus.rc [v1.9.6]
    52 | D:1      | Found a faded altar of an unknown god.
   323 | D:1      | Reached XP level 2. HP: 27/27 MP: 1/1
   718 | D:2      | Found Mibbev's Magic Scroll Emporium.
   865 | D:2      | Reached skill level 4 in Fighting
   865 | D:2      | Reached skill level 4 in Axes
  1150 | D:2      | Reached skill level 3 in Armour
  1300 | D:2      | Reached XP level 3. HP: 33/33 MP: 2/2
  1403 | D:2      | You add the spells Gell's Gravitas, Teleport Other and
                  | Dispersal to your library.
  1767 | D:3      | HP: 7/33 [adder (3)]
  1769 | D:3      | HP: 1/33 [poisoned by an adder]
  1770 | D:3      | Succumbed to an adder's poison

Vanquished Creatures
  An adder (D:2)
  2 dart slugs (D:2)
  2 endoplasms (D:3)
  5 goblins
  5 hobgoblins
  2 jackals (D:1)
  A kobold (D:3)
  A quokka (D:1)
  2 ball pythons
  4 bats
  A frilled lizard (D:1)
26 creatures vanquished.

Vanquished Creatures (others)
  A fungus (D:1)
  A plant (D:1)
2 creatures vanquished.

Grand Total: 28 creatures vanquished

Table legend:
 A = Non-vault XP
 B = Vault XP
 C = Vault XP percentage of total XP
 D = Non-vault monster count
 E = Vault monster count
 F = Vault count percentage of total count
                 A         B        C        D         E       F
            +---------+---------+-------+---------+---------+-------
      Total |      62 |       0 |   0.0 |      26 |       0 |   0.0
            +---------+---------+-------+---------+---------+-------
        D:1 |      13 |       0 |   0.0 |       8 |       0 |   0.0
        D:2 |      33 |       0 |   0.0 |       9 |       0 |   0.0
        D:3 |      16 |       0 |   0.0 |       9 |       0 |   0.0
            +---------+---------+-------+---------+---------+-------

Illustrated notes

Table legend:
 A = Kills in this place as a percentage of kills in entire the game.
 B = Kills by you in this place as a percentage of kills by you in the entire game.
 C = Kills by friends in this place as a percentage of kills by friends in the entire game.
 D = Other kills in this place as a percentage of other kills in the entire game.
 E = Experience gained in this place as a percentage of experience gained in the entire game.
 F = Experience gained in this place divided by the number of levels of this place that you have seen.
                   A       B       C       D       E      F
               +-------+-------+-------+-------+-------+----------------------
         Total | 100.0 | 100.0 |   N/A |   N/A | 100.0 |  20.7
       Dungeon | 100.0 | 100.0 |   N/A |   N/A | 100.0 |  20.7
               +-------+-------+-------+-------+-------+----------------------

Table legend: (Time is in decaauts)
 A = Elapsed time spent in this place.
 B = Non-inter-level travel time spent in this place.
 C = Inter-level travel time spent in this place.
 D = Time resting spent in this place.
 E = Time spent auto-exploring this place.
 F = Levels seen in this place.
 G = Mean time per level.
                   A        B        C        D        E       F      G
               +--------+--------+--------+--------+--------+-----+--------+
         Total |   1775 |   1729 |     46 |      0 |   1564 |   3 |  591.7 |
       Dungeon |   1775 |   1729 |     46 |      0 |   1564 |   3 |  591.7 |
               +--------+--------+--------+--------+--------+-----+--------+

Top non-repeatable levels by time:
     D:2: 1143 daAuts
     D:1: 550 daAuts
     D:3: 81 daAuts
